[Event "Titled Tuesday Blitz January 25 2022"]
[White "Samunenkov, Ihor"]
[Black "Azadaliyev, Jahandar"]
[WhiteFideId "14187086"]
[BlackFideId "13425811"]
[WhiteElo "2406"]
[BlackElo "1795"]
[Result "1/2-1/2"]
[Round "11"]
[TimeControl "180+1"]
[Date "2022.01.26"]
[WhiteClock "0:00:02"]
[BlackClock "0:00:02"]

1. d4 Nf6 2. c4 e6 3. Nc3 Bb4 4. e3 O-O 5. Bd2 d5 6. Nf3 Nbd7 7. cxd5 exd5 8. Bd3 Re8 9. O-O c6 10. Qc2 Nf8 11. Ne5 c5 12. a3 Ba5 13. Bb5 Re7 14. Ne2 c4 15. Ba4 Bxd2 16. Qxd2 Ne4 17. Qd1 Bf5 18. Bc2 Bg6 19. Nf4 Qd6 20. Nfxg6 Nxg6 21. Bxe4 dxe4 22. Nxc4 Qd5 23. Nd2 Qg5 24. Kh1 Nh4 25. Rg1 Qf5 26. Qe2 Re6 27. Rac1 Rh6 28. Rc5 Qe6 29. Re5 Qd7 30. Rxe4 Qd5 31. Re5 Qd7 32. Nf3 Ng6 33. Rc5 Re8 34. Rgc1 Nf4 35. Qb5 Qxb5 36. Rxb5 Nd3 37. Rc2 Rc6 38. Rxc6 bxc6 39. Rb7 Nxf2+ 40. Kg1 Nd1 41. Ne5 f6 42. Nxc6 Rxe3 43. h3 Re2 44. d5 Rd2 45. Rxa7 Ne3 46. Ne7+ Kf8 47. g4 Rxb2 48. d6 Rg2+ 49. Kh1 Rd2 50. Nc6 Rxd6 51. Nb4 Rd2 52. Rc7 Nd1 53. a4 Nf2+ 54. Kg2 Nxg4+ 55. Kg3 Ne5 56. a5 Rd4 57. a6 Rxb4 58. a7 Rb3+ 59. Kg2 Rb2+ 60. Kf1 Ra2 61. Rc8+ Kf7 62. a8=Q Rxa8 63. Rxa8 Kg6 64. Kg2 h6 65. Kg3 Kf5 66. Ra7 g5 67. Ra5 Kg6 68. h4 Nf7 69. hxg5 hxg5 70. Kg4 f5+ 71. Kg3 Nh6 72. Rb5 Kh5 73. Ra5 f4+ 74. Kh3 Nf7 75. Rb5 Nd6 76. Rd5 Ne4 77. Re5 Nf2+ 78. Kg2 Nd3 79. Rd5 Ne1+ 80. Kf2 Nc2 81. Kf3 Ne3 82. Re5 Kh4 83. Re8 Kh5 84. Rh8+ Kg6 85. Rg8+ Kf6 86. Rf8+ Kg7 87. Ra8 Kg6 88. Ra6+ Kh5 89. Ra8 Nf5 90. Rh8+ Nh6 91. Rh7 Kg6 92. Ra7 Nf7 93. Ra6+ Kf5 94. Ra5+ Ne5+ 95. Kf2 g4 96. Ra8 g3+ 97. Kg2 Ke4 98. Ra4+ Ke3 99. Ra3+ Nd3 100. Rb3 Ke2 101. Ra3 Ne1+ 102. Kg1 f3 103. Ra2+ Ke3 104. Ra3+ Nd3 105. Ra8 Nf4 106. Ra3+ Nd3 107. Ra8 Kd2 108. Ra2+ Kc3 109. Ra3+ Kd4 110. Ra4+ Ke5 111. Ra8 Ke4 112. Re8+ Kf4 113. Rf8+ Ke3 114. Re8+ Kd2 115. Rg8 Ke2 116. Re8+ Kd1 117. Rg8 Ke1 118. Re8+ Kd1 119. Rg8 f2+ 120. Kf1 Kd2 121. Rxg3 Kc2 122. Re3 Kd2 123. Re8 Kc2 124. Ke2 Kc3 125. Rc8+ Kd4 126. Rd8+ Kc4 127. Rf8 Kc3 128. Ke3 Kc2 129. Rc8+ Kd1 130. Rf8 Ke1 131. Ra8 Nc1 132. Rf8 f1=N+ 133. Rxf1+ Kxf1 1/2-1/2


[Site "https://www.chess.com"]

[Event "Titled Tuesday Blitz January 25 2022"]
[White "Sapunov, Evgeny"]
[Black "Cunjalo, Faris"]
[WhiteFideId "4126661"]
[BlackFideId "14410710"]
[WhiteElo "2470"]
[BlackElo "2263"]
[Result "1/2-1/2"]
[Round "11"]
[TimeControl "180+1"]
[Date "2022.01.26"]
[WhiteClock "0:01:00"]
[BlackClock "0:01:18"]

1. c4 e6 2. Nf3 d5 3. d4 Nf6 4. Nc3 Bb4 5. Qa4+ Nc6 6. Bg5 h6 7. Bxf6 Qxf6 8. e3 O-O 9. Rc1 a6 10. a3 Bxc3+ 11. Rxc3 Rd8 12. Qc2 Ne7 13. Bd3 c6 14. O-O dxc4 15. Rxc4 Bd7 16. Rc1 Nd5 17. Be4 Be8 18. Ne5 Qe7 19. Qb3 Rab8 20. R4c2 Nf6 21. Bf3 Nd5 22. g3 Qd6 23. Kg2 Qe7 24. Qc4 Kf8 25. b4 Rbc8 26. Qc5 Rc7 27. h4 f6 28. Nd3 Bg6 29. e4 Kf7 30. Rd2 Qxc5 31. Nxc5 Ne7 32. Rcd1 h5 33. Kf1 Nc8 34. Ke2 Nb6 35. Rc1 Nd7 36. Nb3 Ke7 37. Ke3 Bf7 38. Na5 Nb6 39. Be2 Kf8 40. f4 Rcd7 41. Rcd1 Bg6 42. Bf3 Ke7 43. Be2 Ke8 44. Nb3 Na4 45. Nc5 Nxc5 46. bxc5 f5 47. e5 Rc7 48. Rb2 Rdd7 49. Rdb1 Bf7 50. Bc4 g6 51. a4 Ke7 52. Rb6 Kd8 53. Rd1 Kc8 54. Kd3 Kb8 55. Kc3 Ka7 56. Rb2 Re7 57. Rbd2 Red7 58. Kb4 Rc8 59. Ka5 Rcd8 60. Bb3 Bg8 61. Bc4 Bf7 62. Kb4 Bg8 63. Kc3 Bf7 64. Rb2 Bg8 65. Rdb1 Bf7 66. a5 Bg8 67. Rd2 Bf7 68. Rbd1 Bg8 69. Rg2 Bf7 70. Rgg1 Bg8 71. Rd2 Bf7 72. Rb1 Rc7 73. Rb6 Rcd7 74. Bb3 Bg8 75. Ba4 Rc7 76. Kb4 Bf7 77. Kc3 Bg8 78. Kc4 Bf7 79. Rdb2 Rcd7 80. Rd2 Rc7 81. Kc3 Be8 82. Rd1 Bf7 83. Rd2 1/2-1/2


[Site "https://www.chess.com"]

[Event "Titled Tuesday Blitz January 25 2022"]
[White "Seo, Jung Min"]
[Black "Willow, Jonah B"]
[WhiteFideId "1734687"]
[BlackFideId "438804"]
[WhiteElo "2401"]
[BlackElo "2261"]
[Result "0-1"]
[Round "11"]
[TimeControl "180+1"]
[Date "2022.01.26"]
[WhiteClock "0:00:11"]
[BlackClock "0:00:28"]

1. d4 Nf6 2. Nf3 e6 3. c4 c5 4. d5 exd5 5. cxd5 d6 6. Nc3 g6 7. h3 Bg7 8. e4 O-O 9. Nd2 Re8 10. Be2 a6 11. a4 Nbd7 12. O-O Rb8 13. Re1 h6 14. Bf1 g5 15. Nc4 Ne5 16. Nxe5 Rxe5 17. f4 gxf4 18. Bxf4 Nd7 19. Bxe5 Nxe5 20. Qh5 Qb6 21. Rab1 Bd7 22. Kh1 Re8 23. Be2 c4 24. Rf1 Qe3 25. Rbd1 b5 26. axb5 axb5 27. Bg4 Bxg4 28. hxg4 b4 29. Nb5 Rd8 30. Nd4 Qxe4 31. Nc6 Rd7 32. Rde1 Qxd5 33. Nxb4 Qb7 34. Nc2 Qxb2 35. Ne3 Qd4 36. g5 hxg5 37. Qxg5 f6 38. Qg6 Nxg6 0-1


[Site "https://www.chess.com"]

[Event "Titled Tuesday Blitz January 25 2022"]
[White "Seul, Georg"]
[Black "Avazkhonov, Alikhon"]
[WhiteFideId "4601653"]
[BlackFideId "14208504"]
[WhiteElo "2271"]
[BlackElo "1739"]
[Result "0-1"]
[Round "11"]
[TimeControl "180+1"]
[Date "2022.01.26"]
[WhiteClock "0:01:54"]
[BlackClock "0:00:49"]

1. e4 c6 2. d4 d5 3. exd5 cxd5 4. Bd3 Nc6 5. c3 Qc7 6. Ne2 Bg4 7. O-O Nf6 8. Qe1 e6 9. Bf4 Bd6 10. Bxd6 Qxd6 11. Ng3 O-O 12. f3 Bh5 13. Nxh5 Nxh5 14. Nd2 Rfe8 15. Qh4 Nf6 16. f4 Ne7 17. g4 Ng6 18. g5 Nxh4 0-1


[Site "https://www.chess.com"]

[Event "Titled Tuesday Blitz January 25 2022"]
[White "Shvedova, Alexandra"]
[Black "Sumaneev, Dmitry"]
[WhiteFideId "54154782"]
[BlackFideId "4125312"]
[WhiteElo "1920"]
[BlackElo "2529"]
[Result "1-0"]
[Round "11"]
[TimeControl "180+1"]
[Date "2022.01.26"]
[WhiteClock "0:00:12"]
[BlackClock "0:00:02"]

1. e4 e6 2. d4 d5 3. Nd2 Nf6 4. e5 Nfd7 5. Bd3 c5 6. c3 Nc6 7. Ngf3 a5 8. O-O cxd4 9. cxd4 Qb6 10. Re1 Nxd4 11. Nxd4 Qxd4 12. Nf3 Qb6 13. Qa4 Qb4 14. Qc2 Nc5 15. Bxh7 Bd7 16. Bd2 Qg4 17. Bd3 Nxd3 18. Qxd3 Be7 19. Rac1 Bd8 20. Nd4 g6 21. h3 Qh5 22. Nb5 Kf8 23. Nd6 b6 24. Qd4 Kg7 25. Rc3 Rh7 26. Rf3 Kg8 27. Rc1 Ra7 28. Rfc3 Kg7 29. f4 Qh4 30. Be1 Qe7 31. g4 Kg8 32. f5 exf5 33. gxf5 gxf5 34. Qxd5 Be6 35. Qg2+ Rg7 36. Rg3 Rxg3 37. Qxg3+ Qg5 38. Qxg5+ Bxg5 39. Rc3 Kf8 40. b3 Re7 41. Bg3 f4 42. Bf2 Kg7 43. Bxb6 Kg6 44. Bd4 Kh5 45. a3 Kh4 46. b4 axb4 47. axb4 Bxh3 48. b5 Bg4 49. b6 1-0


[Site "https://www.chess.com"]

[Event "Titled Tuesday Blitz January 25 2022"]
[White "Siva Mahadevan"]
[Black "Erdogdu, Mert"]
[WhiteFideId "25043153"]
[BlackFideId "6301495"]
[WhiteElo "2203"]
[BlackElo "2485"]
[Result "1-0"]
[Round "11"]
[TimeControl "180+1"]
[Date "2022.01.26"]
[WhiteClock "0:00:36"]
[BlackClock "0:00:03"]

1. e4 c5 2. Nf3 d6 3. d4 cxd4 4. Nxd4 Nf6 5. Nc3 a6 6. Bg5 e6 7. f4 Qb6 8. Qd2 Nc6 9. Bxf6 gxf6 10. Nb3 Bd7 11. O-O-O O-O-O 12. Be2 h5 13. Rhf1 Kb8 14. Rf3 Be7 15. Bf1 Bc8 16. Kb1 Rdg8 17. Rd3 h4 18. a3 Qc7 19. Na2 Rg4 20. Nb4 Nxb4 21. axb4 f5 22. exf5 d5 23. fxe6 fxe6 24. g3 hxg3 25. hxg3 Rhg8 26. Qf2 Bxb4 27. Bh3 R4g7 28. Nd4 Bc5 29. Rc3 Qb6 30. Rb3 Qd6 31. Qe1 Rh8 32. Bxe6 Re8 33. Qc3 Rc7 34. Bxc8 Rexc8 35. Nf5 Qe6 36. Qd3 d4 37. g4 Ba7 38. Rc1 Rc4 39. Qf3 R8c7 40. Rd3 Ka8 41. Qf2 Ra4 42. b3 Rb4 43. Re1 Qc6 44. Qe2 Bc5 45. Qe8+ Qxe8 46. Rxe8+ Ka7 47. Ng3 a5 48. Ne4 Bb6 49. Ka2 a4 50. Ka3 Rb5 51. bxa4 Rb1 52. Nd2 Rc1 53. Nb3 R1xc2 54. f5 Rf2 55. Re4 Rcc2 56. Kb4 Ka6 57. a5 Ba7 58. Re6+ b6 59. Rxd4 Rc7 60. axb6 Bxb6 61. Rdd6 Rf4+ 62. Ka3 Rb7 63. Nc5+ Kb5 64. Nxb7 Rf3+ 65. Kb2 Bc7 66. Rd5+ Kc4 67. Rc5+ Kb4 68. Rxc7 Rf2+ 69. Rc2 Rxc2+ 1-0


[Site "https://www.chess.com"]

[Event "Titled Tuesday Blitz January 25 2022"]
[White "Song, Michael"]
[Black "Prieto Aranguren, Alain"]
[WhiteFideId "2613190"]
[BlackFideId "2268906"]
[WhiteElo "2274"]
[BlackElo "2235"]
[Result "1-0"]
[Round "11"]
[TimeControl "180+1"]
[Date "2022.01.26"]
[WhiteClock "0:00:21"]
[BlackClock "0:00:05"]

1. e4 c6 2. Nc3 d5 3. Nf3 Bg4 4. h3 Bh5 5. exd5 cxd5 6. g4 Bg6 7. d4 Nc6 8. Bg2 e6 9. O-O h5 10. g5 h4 11. Ne2 Nge7 12. c3 Nf5 13. Nf4 Nfe7 14. Nxg6 Nxg6 15. Qd3 Bd6 16. Be3 Qc7 17. Ne1 Nce7 18. Qb5+ Kf8 19. Nd3 Nf5 20. Rae1 a6 21. Qb3 Rc8 22. Qd1 Kg8 23. Bd2 Qc4 24. Qb1 Kh7 25. Bf3 Rhf8 26. Bg4 Nge7 27. Ne5 Bxe5 28. Rxe5 g6 29. Rfe1 Kg7 30. Bf4 Nc6 31. R5e2 Rfd8 32. Bd2 Nce7 33. Kg2 b5 34. Re5 a5 35. Be2 Qc6 36. Bd3 Qb6 37. R5e2 b4 38. Qd1 bxc3 39. bxc3 Qb2 40. Qb3 Rb8 41. Qa4 Rb7 42. Rb1 Qxb1 43. Bxb1 Rxb1 44. Qxa5 Rdb8 45. Bf4 R8b2 46. Rxb2 Rxb2 47. Be5+ Kh7 48. Qd8 1-0


[Site "https://www.chess.com"]

[Event "Titled Tuesday Blitz January 25 2022"]
[White "Suarez Uriel, Adrian"]
[Black "Kretov, Evgenij"]
[WhiteFideId "22230874"]
[BlackFideId "4167821"]
[WhiteElo "2316"]
[BlackElo "2303"]
[Result "1-0"]
[Round "11"]
[TimeControl "180+1"]
[Date "2022.01.26"]
[WhiteClock "0:01:50"]
[BlackClock "0:00:08"]

1. e4 c5 2. Ne2 Nc6 3. d4 cxd4 4. Nxd4 g6 5. c4 Nf6 6. Nc3 d6 7. Be2 Nxd4 8. Qxd4 Bg7 9. Be3 O-O 10. Qd2 Be6 11. b3 Qa5 12. Rc1 Rfc8 13. f3 a6 14. Na4 Qxd2+ 15. Kxd2 Nd7 16. g4 f5 17. exf5 gxf5 18. Nc3 fxg4 19. fxg4 Nc5 20. h4 Rf8 21. h5 Bxc3+ 22. Kxc3 Ne4+ 23. Kd3 Nf2+ 24. Bxf2 Rxf2 25. g5 Raf8 26. Rcf1 Rxf1 27. Rxf1 Rxf1 28. Bxf1 Bg4 29. h6 Kf7 30. Bg2 Kg6 31. Bxb7 a5 32. a4 Kxg5 33. b4 axb4 34. a5 Bf5+ 35. Kd2 b3 36. Kc3 d5 37. a6 b2 38. Kxb2 dxc4 39. a7 1-0


[Site "https://www.chess.com"]

[Event "Titled Tuesday Blitz January 25 2022"]
[White "Sviridov, Valery"]
[Black "Bacrot, Etienne"]
[WhiteFideId "4120680"]
[BlackFideId "605506"]
[WhiteElo "2454"]
[BlackElo "2673"]
[Result "1-0"]
[Round "11"]
[TimeControl "180+1"]
[Date "2022.01.26"]
[WhiteClock "0:01:19"]
[BlackClock "0:00:42"]

1. Nf3 c5 2. g3 Nc6 3. Bg2 g6 4. O-O Bg7 5. c4 e5 6. Nc3 Nge7 7. Ne1 d6 8. Nc2 Be6 9. Ne3 Qd7 10. a3 O-O 11. Rb1 Bh3 12. b4 b6 13. d3 Bxg2 14. Kxg2 f5 15. Qa4 f4 16. Ned5 Rac8 17. f3 Kh8 18. Bd2 Nf5 19. g4 Nfd4 20. Qd1 h5 21. h3 Bf6 22. Be1 Rf7 23. Bf2 Rg8 24. Ne4 Bd8 25. b5 Ne7 26. Bxd4 exd4 27. Nxe7 Bxe7 28. Qe1 Rh7 29. Rh1 d5 30. cxd5 Qxd5 31. Qc1 Bh4 32. Qc4 Qxc4 33. dxc4 Re7 34. Rb3 Rge8 35. Rd3 Kg7 36. a4 g5 37. Ra1 Rxe4 38. fxe4 Rxe4 39. Kf3 Re6 40. a5 hxg4+ 41. hxg4 Kg6 42. axb6 axb6 43. Ra6 Kf6 44. Ra8 Ke7 45. Rh8 Kd7 46. Ra3 Kd6 47. Rh7 d3 48. Rxd3+ Ke5 49. Rf7 Re8 50. Rd5+ Ke6 51. Rb7 Rb8 52. Rxb8 1-0


[Site "https://www.chess.com"]

[Event "Titled Tuesday Blitz January 25 2022"]
[White "Tarasova, Viktoriya"]
[Black "Golizadeh, Asghar"]
[WhiteFideId "4175840"]
[BlackFideId "12505269"]
[WhiteElo "2182"]
[BlackElo "2403"]
[Result "0-1"]
[Round "11"]
[TimeControl "180+1"]
[Date "2022.01.26"]
[WhiteClock "0:00:02"]
[BlackClock "0:00:03"]

1. d4 Nf6 2. c4 e6 3. Nc3 Bb4 4. Nf3 h6 5. e3 b6 6. Bd3 Bb7 7. O-O O-O 8. Qc2 c5 9. a3 cxd4 10. Nxd4 Be7 11. Rd1 Nc6 12. Nxc6 Bxc6 13. b4 Rc8 14. e4 Qc7 15. Qe2 d6 16. Be3 Rfd8 17. Rac1 Qb8 18. h3 Nd7 19. f4 Bf8 20. Kh2 Qa8 21. Bf2 Nf6 22. g4 d5 23. cxd5 exd5 24. e5 Ne4 25. Nxe4 dxe4 26. Ba6 Bb7 27. Bxb7 Qxb7 28. Rxc8 Rxc8 29. Re1 Rc3 30. Qxe4 Qxe4 31. Rxe4 Rxa3 32. Rc4 Rb3 33. Be1 Kh7 34. Rc7 Rb1 35. Rxf7 Kg8 36. Rxa7 Rxe1 37. Rb7 Re4 38. Rxb6 Rxf4 39. b5 Rb4 40. Rb8 Kf7 41. e6+ Ke7 42. b6 g5 43. b7 Bg7 44. Rg8 Be5+ 45. Kg2 Rxb7 46. Rg6 Rb2+ 47. Kf3 Rb3+ 48. Kg2 Bf6 49. Rxh6 Kxe6 50. Rg6 Ke5 51. Rg8 Rb2+ 52. Kh1 Kf4 53. Rf8 Kg3 54. Kg1 Rb1# 0-1


[Site "https://www.chess.com"]

[Event "Titled Tuesday Blitz January 25 2022"]
[White "Tikhonov, Viacheslav"]
[Black "Dauner, Benedikt"]
[WhiteFideId "44196407"]
[BlackFideId "16225899"]
[WhiteElo "1773"]
[BlackElo "2230"]
[Result "1-0"]
[Round "11"]
[TimeControl "180+1"]
[Date "2022.01.26"]
[WhiteClock "0:01:01"]
[BlackClock "0:00:06"]

1. e4 c5 2. Nf3 g6 3. d4 cxd4 4. Nxd4 Nc6 5. c4 Bg7 6. Be3 Nf6 7. Nc3 O-O 8. Be2 d6 9. O-O Bd7 10. h3 a5 11. Rc1 Nxd4 12. Bxd4 Bc6 13. Qd3 Nd7 14. Bxg7 Kxg7 15. f4 Qb6+ 16. Kh1 Qxb2 17. Rb1 Qa3 18. Bg4 Nc5 19. Qd4+ f6 20. e5 dxe5 21. fxe5 Rad8 22. exf6+ exf6 23. Nd5 Nd7 24. Bxd7 Rxd7 25. Rxf6 Rxd5 26. cxd5 Rxf6 27. dxc6 bxc6 28. Rb7+ Kh6 29. Qh4# 1-0


[Site "https://www.chess.com"]

[Event "Titled Tuesday Blitz January 25 2022"]
[White "Triapishko, Alexandr"]
[Black "Daneshvar, Bardiya"]
[WhiteFideId "14122286"]
[BlackFideId "12576468"]
[WhiteElo "2479"]
[BlackElo "2295"]
[Result "0-1"]
[Round "11"]
[TimeControl "180+1"]
[Date "2022.01.26"]
[WhiteClock "0:00:01"]
[BlackClock "0:00:11"]

1. d4 Nf6 2. c4 g6 3. Nc3 d5 4. cxd5 Nxd5 5. e4 Nxc3 6. bxc3 c5 7. Bc4 Bg7 8. Ne2 O-O 9. Be3 Nc6 10. h4 Qc7 11. Rc1 cxd4 12. cxd4 Qa5+ 13. Kf1 Qa3 14. Rc3 Qd6 15. h5 Bg4 16. hxg6 Bxe2+ 17. Qxe2 hxg6 18. e5 Qb4 19. Rb3 Qa4 20. Bb5 Qa5 21. d5 Nxe5 22. Bf4 Rfc8 23. g4 a6 24. Bxe5 Rc1+ 25. Kg2 Rxh1 26. Kxh1 axb5 27. Bxg7 Qxa2 28. Qxa2 Rxa2 29. Bb2 Ra4 30. f3 b4 31. Kg2 f6 32. Kf2 Ra5 33. Rxb4 Rxd5 34. Rxb7 Kf7 35. Ba3 Re5 36. Kg3 g5 37. Bd6 Re6 38. Bb4 Re2 39. Rc7 Ke8 40. Rc8+ Kf7 41. Rc3 Kg6 42. Rc1 f5 43. Re1 f4+ 44. Kh3 Rf2 45. Re6+ Kf7 46. Rxe7+ Kf6 47. Re4 Rxf3+ 48. Kh2 Rg3 49. Be7+ Kg6 50. Re6+ Kf7 51. Re5 Rxg4 52. Bxg5 f3 53. Be3 Kf6 54. Rc5 Rg2+ 55. Kh3 Ke6 56. Ra5 Rg8 57. Ra6+ Kf5 58. Ra4 Ke5 59. Bf4+ Kf5 60. Bg3 Rh8+ 61. Bh4 Rc8 62. Kg3 Rc3 63. Ra5+ Ke4 64. Kg4 Rc4 65. Bf2 Rb4 66. Rf5 Rc4 0-1


[Site "https://www.chess.com"]

[Event "Titled Tuesday Blitz January 25 2022"]
[White "Tsyhanchuk, Stanislav"]
[Black "Wagner, Dennis"]
[WhiteFideId "13505130"]
[BlackFideId "24650684"]
[WhiteElo "2078"]
[BlackElo "2355"]
[Result "0-1"]
[Round "11"]
[TimeControl "180+1"]
[Date "2022.01.26"]
[WhiteClock "0:00:03"]
[BlackClock "0:00:07"]

1. e4 c5 2. Nf3 d6 3. d4 cxd4 4. Nxd4 Nf6 5. Nc3 a6 6. Be3 e6 7. Qd2 b5 8. f3 Nbd7 9. a3 h5 10. Be2 Qc7 11. O-O Be7 12. f4 Ng4 13. Bxg4 hxg4 14. Qe2 Nf6 15. Rad1 Bb7 16. Ndxb5 axb5 17. Nxb5 Qc6 18. e5 dxe5 19. fxe5 Nd5 20. Bd4 Rc8 21. Na7 Qxc2 22. Qxg4 Qh7 23. Nxc8 Qxh2+ 24. Kf2 Rh4 25. Rh1 Rxg4 26. Rxh2 Bxc8 27. Rh8+ Kd7 28. b4 Ba6 29. Bc5 Bxc5+ 30. bxc5 Ra4 31. Rc1 Bb5 32. Rf8 Ke7 33. Rb8 Bc6 34. Rc8 Kd7 35. Rf8 Ke7 36. Rc8 Bd7 37. Rb8 Rxa3 38. c6 Be8 39. c7 Nxc7 40. Rxc7+ Bd7 41. Rbb7 Rd3 42. Ke2 Rd5 43. Kf3 Kd8 44. Ra7 Rd4 45. Rcb7 Rd5 46. Ke4 Ke8 47. Rb8+ Ke7 48. Rbb7 Rd1 49. g4 g5 50. Ke3 Kd8 51. Rb8+ Ke7 52. Rbb7 Rd5 53. Ke4 Ke8 0-1


[Site "https://www.chess.com"]

[Event "Titled Tuesday Blitz January 25 2022"]
[White "Tymrakiewicz, Rafal"]
[Black "Mitusov, Semen"]
[WhiteFideId "1108832"]
[BlackFideId "14151049"]
[WhiteElo "2205"]
[BlackElo "2246"]
[Result "1/2-1/2"]
[Round "11"]
[TimeControl "180+1"]
[Date "2022.01.26"]
[WhiteClock "0:00:05"]
[BlackClock "0:00:16"]

1. e4 e5 2. Nc3 Nc6 3. Bc4 Nf6 4. d3 Na5 5. Nge2 Bc5 6. O-O h6 7. Ng3 d6 8. Qe2 O-O 9. Be3 Nxc4 10. Bxc5 dxc5 11. dxc4 c6 12. Rad1 Qe7 13. Rd3 Be6 14. b3 Rfd8 15. Rfd1 Rd4 16. f3 Rad8 17. R1d2 R8d7 18. Qd1 Qd8 19. Nge2 Rxd3 20. Rxd3 Rxd3 21. Qxd3 Qc7 22. Qe3 Nd7 23. Nc1 b6 24. Nd3 Nf8 25. g3 Ng6 26. f4 exf4 27. gxf4 Bc8 28. Qg3 h5 29. f5 Qxg3+ 30. hxg3 Ne7 31. Nd1 Kf8 32. Ne3 g5 33. Kg2 f6 34. Kf3 Kf7 35. g4 h4 36. Nd1 Bb7 37. N1f2 Nc8 38. Nh3 Nd6 39. e5 fxe5 40. Nxg5+ Kf6 41. Ne4+ Nxe4 42. Kxe4 h3 43. Nf2 h2 44. Kf3 Kg5 45. Kg3 h1=Q 46. Nxh1 e4 47. Nf2 e3 48. Nh3+ Kf6 49. Kf3 Bc8 50. Kxe3 Ke5 51. c3 b5 52. Kf3 bxc4 53. bxc4 Ba6 54. Ng5 Bxc4 55. Ne4 Bxa2 56. Ke3 a5 57. Nd2 a4 58. c4 a3 59. Kd3 Kf6 60. Kc3 Ke5 61. Kc2 Kf6 62. Kc3 Ke5 63. Nf3+ Kf6 64. Nd2 1/2-1/2


[Site "https://www.chess.com"]

[Event "Titled Tuesday Blitz January 25 2022"]
[White "Urazayev, Arystanbek"]
[Black "Martinez Ramirez, Lennis"]
[WhiteFideId "13709810"]
[BlackFideId "3509079"]
[WhiteElo "2321"]
[BlackElo "2374"]
[Result "1-0"]
[Round "11"]
[TimeControl "180+1"]
[Date "2022.01.26"]
[WhiteClock "0:00:50"]
[BlackClock "0:00:02"]

1. c4 e5 2. g3 c6 3. Bg2 Nf6 4. Qa4 Na6 5. d3 h6 6. Nc3 Bd6 7. Nf3 O-O 8. O-O Bc7 9. b4 d6 10. Bb2 Re8 11. a3 Bd7 12. Qb3 Be6 13. Qc2 Rc8 14. Rac1 Nb8 15. Qa4 a6 16. b5 axb5 17. cxb5 d5 18. Nd2 c5 19. e4 Nbd7 20. exd5 Nb6 21. Qh4 Nbxd5 22. Nxd5 Bxd5 23. Bxd5 Qxd5 24. Nc4 Qxd3 25. Rfd1 Qb3 26. b6 Bb8 27. Rb1 Qa4 28. Rdc1 Rcd8 29. Qh3 Qd7 30. Qxd7 Rxd7 31. a4 Nd5 32. a5 Nb4 33. Rd1 Rde7 34. Ba3 Na6 35. Rd5 Rc8 36. Rbd1 f6 37. Rd8+ Re8 38. Rxc8 Rxc8 39. Rd7 e4 40. Rxb7 Re8 41. g4 Kf8 42. Kg2 Kg8 43. h4 h5 44. g5 f5 45. Bb2 f4 46. Rxg7+ Kf8 47. g6 Re6 48. Rf7+ Kg8 49. Rf6 Rxf6 50. Bxf6 Nb4 51. Be5 Nc6 52. Bxb8 Nxb8 53. Kf1 Kg7 54. Ne5 Kf6 55. b7 1-0


[Site "https://www.chess.com"]

[Event "Titled Tuesday Blitz January 25 2022"]
[White "Vakhlamov, Igor L."]
[Black "Nozdrachev, Leonid"]
[WhiteFideId "24126748"]
[BlackFideId "24113433"]
[WhiteElo "2401"]
[BlackElo "2124"]
[Result "0-1"]
[Round "11"]
[TimeControl "180+1"]
[Date "2022.01.26"]
[WhiteClock "0:01:56"]
[BlackClock "0:00:54"]

1. e4 c6 2. Nf3 d5 3. Nc3 dxe4 4. Nxe4 Nf6 5. Qe2 Na6 6. c3 Nxe4 7. Qxe4 Nc5 8. Qc2 Bg4 9. Be2 Bxf3 10. Bxf3 Nd3+ 11. Ke2 Nf4+ 12. Kf1 Qd3+ 13. Qxd3 Nxd3 14. Be4 O-O-O 15. Ke2 Nxc1+ 16. Raxc1 e6 17. d4 c5 18. dxc5 Bxc5 19. b4 Bb6 20. a4 a5 21. Rb1 Rd7 22. bxa5 Bxa5 23. Rb5 b6 24. c4 Rhd8 25. c5 Rd4 26. Kf3 Rxa4 27. cxb6 Ra3+ 28. Ke2 Rd2+ 29. Kf1 Rd1+ 30. Ke2 Rxh1 31. b7+ Kb8 32. Rc5 Re1# 0-1


[Site "https://www.chess.com"]

[Event "Titled Tuesday Blitz January 25 2022"]
[White "Vasquez Schroeder, Rodrigo"]
[Black "Mustafayev, Farid"]
[WhiteFideId "3400042"]
[BlackFideId "13408771"]
[WhiteElo "2568"]
[BlackElo "2129"]
[Result "0-1"]
[Round "11"]
[TimeControl "180+1"]
[Date "2022.01.26"]
[WhiteClock "0:00:06"]
[BlackClock "0:00:10"]

1. e4 c6 2. d4 d5 3. exd5 cxd5 4. c4 Nf6 5. Nc3 Nc6 6. Bg5 Ne4 7. cxd5 Nxc3 8. bxc3 Qxd5 9. Be3 Bf5 10. Nf3 e6 11. Be2 Ba3 12. Qd2 O-O 13. O-O Rac8 14. Rfd1 Rfd8 15. Ne1 e5 16. Nc2 Bb2 17. Nb4 Nxb4 18. Qxb2 Nc2 19. Rac1 Nxe3 20. fxe3 exd4 21. cxd4 Be4 22. Bf1 Qg5 23. Qd2 h5 24. Rxc8 Rxc8 25. Rc1 Rxc1 26. Qxc1 h4 27. a3 h3 28. Qc8+ Kh7 29. Qxh3+ Kg8 30. Kf2 Qf6+ 31. Kg1 Qd6 32. Qc8+ Kh7 33. Qc3 Qg6 34. a4 Qf5 35. a5 a6 36. Qd2 Qg5 37. Qf2 f5 38. h4 Qd8 39. Qe1 Qc7 40. Qd2 Qg3 41. Qf2 Qc7 42. Qe1 Qd6 43. Be2 Qd5 44. g3 Qa2 45. Bf1 Bc6 46. Be2 Qd5 47. Qf1 Qh1+ 48. Kf2 Qh2+ 49. Ke1 Qxg3+ 50. Qf2 Qh3 51. Qf4 Be4 52. Qg5 Qh1+ 53. Kd2 Qh2 54. h5 Qd6 55. Ke1 Qb4+ 56. Kf2 Qd6 57. Bc4 Qh2+ 58. Ke1 Qh1+ 59. Kd2 Qh2+ 60. Kc3 Qd6 61. Bf7 Qa3+ 62. Kd2 Qxa5+ 63. Kd1 Qb6 64. Bg6+ Kg8 65. Qe7 Qb1+ 66. Ke2 Qc2+ 67. Ke1 Qc1+ 68. Ke2 Qc2+ 69. Kf1 Qg2+ 70. Ke1 Qg1+ 71. Kd2 Qf2+ 72. Kc3 Qxe3+ 73. Kc4 Bd3+ 74. Kc5 Qxe7+ 0-1


[Site "https://www.chess.com"]

[Event "Titled Tuesday Blitz January 25 2022"]
[White "Villegas, Pierre"]
[Black "Kosakowski, Jakub"]
[WhiteFideId "654183"]
[BlackFideId "1185080"]
[WhiteElo "2410"]
[BlackElo "2476"]
[Result "0-1"]
[Round "11"]
[TimeControl "180+1"]
[Date "2022.01.26"]
[WhiteClock "0:00:38"]
[BlackClock "0:00:48"]

1. c4 d6 2. Nc3 e5 3. g3 f5 4. Bg2 Nf6 5. d4 Nc6 6. e3 g6 7. Nge2 Bg7 8. O-O O-O 9. b3 g5 10. f4 gxf4 11. gxf4 e4 12. d5 Ne7 13. Kh1 Ng6 14. Nd4 Bd7 15. Bb2 Qe8 16. Qd2 c5 17. dxc6 bxc6 18. Nde2 Rd8 19. Qxd6 Ng4 20. Qd2 Nh4 21. h3 Be6 0-1


[Site "https://www.chess.com"]

[Event "Titled Tuesday Blitz January 25 2022"]
[White "Visakh N R"]
[Black "Arabidze, Meri"]
[WhiteFideId "25012223"]
[BlackFideId "13604040"]
[WhiteElo "2454"]
[BlackElo "2329"]
[Result "1-0"]
[Round "11"]
[TimeControl "180+1"]
[Date "2022.01.26"]
[WhiteClock "0:00:34"]
[BlackClock "0:00:07"]

1. e4 c5 2. Nf3 e6 3. Nc3 Nc6 4. Bb5 Nge7 5. O-O a6 6. Bxc6 Nxc6 7. Re1 e5 8. Nd5 Be7 9. c3 O-O 10. d4 exd4 11. cxd4 d6 12. Bf4 Bg4 13. dxc5 dxc5 14. h3 Bh5 15. Bc7 Qc8 16. g4 Bg6 17. Bb6 Bd6 18. Rc1 Qe6 19. Bxc5 Bxc5 20. Rxc5 Rad8 21. Qe2 h5 22. gxh5 Bh7 23. Ng5 Qd6 24. Nxh7 Qxc5 25. Nxf8 Rxf8 26. h6 Ne5 27. Qe3 Qxe3 28. Rxe3 gxh6 29. Rc3 Nc6 30. Rg3+ Kh8 31. Nf6 Ne5 32. f4 Ng6 33. f5 Ne5 34. Ng4 Nxg4 35. hxg4 Rd8 36. Rb3 b5 37. Ra3 Rd1+ 38. Kf2 Rd2+ 39. Ke3 Rxb2 40. Rxa6 Kg7 41. e5 Rg2 42. Kf3 Rc2 43. Ra7 Kg8 44. Ra8+ Kg7 45. f6+ Kh7 46. e6 Rc6 47. e7 Rxf6+ 48. Kg3 Re6 49. e8=Q 1-0


[Site "https://www.chess.com"]

[Event "Titled Tuesday Blitz January 25 2022"]
[White "Vivas Zamora, Fabian Ernesto"]
[Black "Garriga Cazorla, Pere"]
[WhiteFideId "3902480"]
[BlackFideId "32011601"]
[WhiteElo "1966"]
[BlackElo "2458"]
[Result "0-1"]
[Round "11"]
[TimeControl "180+1"]
[Date "2022.01.26"]
[WhiteClock "0:00:01"]
[BlackClock "0:01:15"]

1. c4 g6 2. g3 Bg7 3. Bg2 d6 4. d4 Nd7 5. Nc3 e5 6. Nf3 Ne7 7. e4 O-O 8. O-O exd4 9. Nxd4 Nc6 10. Nxc6 bxc6 11. Be3 a5 12. Qd2 Re8 13. Bd4 Ne5 14. b3 c5 15. Be3 Rb8 16. Bg5 f6 17. Bh6 Bh8 18. Nd5 Be6 19. Qxa5 Rb7 20. h3 Qd7 21. Kh2 Nc6 22. Qd2 Nd4 23. f4 Rbb8 24. g4 c6 25. Ne3 Bf7 26. Rad1 Ra8 27. Qf2 Re7 28. g5 f5 29. exf5 gxf5 30. Nc2 Rxa2 31. Rd2 Nxb3 32. Re2 Rxe2 33. Qxe2 Nd4 34. Nxd4 Rxe2 35. Nxe2 Bxc4 36. Re1 Qe6 37. Bf3 Bc3 38. Rb1 Bb4 39. Ng3 Qe3 40. Ra1 Ba3 41. Bg2 Bb5 0-1


[Site "https://www.chess.com"]